 Dungeon Crawl Stone Soup version 0.21-a0-150-gc243083 (webtiles) character file.

134 drasked the Ruffian (level 4, -1/45 HPs)
             Began as a Troll Monk on July 26, 2017.
             Slain by an orc priest (3 damage)
             ... on level 3 of the Dungeon.
             The game lasted 00:01:55 (1674 turns).

drasked the Ruffian (Troll Monk)                    Turns: 1674, Time: 00:01:56

Health: -1/45      AC:  5    Str: 20    XL:     4   Next: 95%
Magic:  3/3        EV: 11    Int:  6    God:
Gold:   205        SH:  0    Dex: 12    Spells: 3/3 levels left

rFire    . . .     SeeInvis .     - Unarmed
rCold    . . .     Gourm    +   (no shield)
rNeg     . . .     Faith    .   a - +0 robe
rPois    .         Spirit   .   (helmet restricted)
rElec    .         Reflect  .   (no cloak)
rCorr    .         Harm     .   (gloves unavailable)
MR       .....                  (boots unavailable)
Stlth    ++........             (no amulet)
HPRegen  0.55/turn              (no ring)
MPRegen  0.08/turn              (no ring)

@: no status effects
A: unfitting armour, claws 3, fast metabolism 3, gourmand, regeneration 1,
shaggy fur 1, tough skin 2
a: no special abilities


You were on level 3 of the Dungeon.
You were very full.

You visited 1 branch of the dungeon, and saw 3 of its levels.

You collected 205 gold pieces.

Inventory:

Armour
 a - a +0 robe (worn)
Jewellery
 n - a cursed ring of teleportation {unknown}
   (You found it on level 2 of the Dungeon)
Scrolls
 g - 2 scrolls of identify {unknown}
 i - a scroll of amnesia {unknown}
 j - 2 scrolls of remove curse {unknown}
 m - a scroll of fog {unknown}
Potions
 d - a potion of invisibility {unknown}
 e - 2 potions of might {unknown}
 f - 3 potions of curing {unknown}
 h - 2 potions of heal wounds {unknown}
 k - a potion of mutation {unknown}
 l - a potion of flight {unknown}
Comestibles
 b - 2 bread rations {@e1}
 c - a meat ration {@e2}
 o - a royal jelly


   Skills:
 + Level 3.1 Fighting
 + Level 3.2 Dodging
 - Level 1.0 Stealth
 * Level 4.4 Unarmed Combat


You had 3 spell levels left.
You didn't know any spells.

Dungeon Overview and Level Annotations

Branches:
Dungeon (3/15)

Altars:
Gozag
Qazlal
Sif Muna


Innate Abilities, Weirdness & Mutations

You are too large for most types of armour.
You have claws for hands.
Your metabolism is lightning-fast.
You like to eat raw meat.
Your natural rate of healing is unusually fast.
You are covered in fur. (AC +1)
You have very tough skin. (AC +2)


Message History

Health restored: 45
Found a stone staircase leading down.
You see here a club.
You open the door.
There is an open door here.
m - a scroll labeled FITUAT SANIUJ An adder comes into view.
The adder hisses angrily.
An adder is nearby!
An adder is nearby!
An adder comes into view.
The adder bites you.
You are poisoned.
The adder poisons you! The adder closely misses you.
You take 3 damage, and have 42/45 hp.
You miss the adder.
You feel sick. The adder barely misses you.
You take 1 damage, and have 41/45 hp.
You claw the adder!
You kill the adder!
You feel sick.
You take 1 damage, and have 41/45 hp.
The adder barely misses you.
You scratch the adder but do no damage. The adder closely misses you.
You claw the adder!
You kill the adder!
No target in view!
No target in view!
You start resting.
You feel sick. x2
You start resting.
Health restored: 45 You start waiting.
You feel sick.
You start waiting.
You feel sick.
You are no longer poisoned.
You take 1 damage, and have 44/45 hp.
o - a royal jelly A worm comes into view.
Health restored: 45 A worm is nearby!
A worm is nearby!
A worm is nearby!
You scratch the worm but do no damage. The worm bites you but does no damage.
You mangle the worm!! You barely miss the worm. The worm barely misses you.
You claw the worm!
You kill the worm!
No target in view!
You see here a worm corpse.
You butcher the worm corpse.
p - a chunk of flesh {@w0} Eating a chunk of flesh {@w0}.
You eat the chunk of flesh {@w0}.
This raw flesh tastes great.
Found a stormy altar of Qazlal.
You open the door. 3 orcs and an orc priest come into view.
The orc shouts!
An orc priest comes into view. It is wielding a mace.
There are monsters nearby!
There are monsters nearby!
There are monsters nearby!
The orc shouts!
The orc priest shouts! x2
The orc priest looks encouraged for a moment.
There is an open door here.
You closely miss the orc. The orc hits you but does no damage.
You scratch the orc priest. The orc priest hits you with a mace.
The orc priest closely misses you. The orc closely misses you.
You take 3 damage, and have 42/45 hp.
You scratch the orc priest. The orc priest barely misses you.
The orc priest closely misses you.
You scratch the orc priest. The orc priest hits you.
You barely miss the orc priest. The orc priest closely misses you.
The orc priest barely misses you. The orc hits you but does no damage.
You closely miss the orc priest.
The orc priest invokes the aid of Beogh against you.
Pain shoots through your body! The orc priest hits you.
You take 12 damage, and have 30/45 hp.
MASSIVE DAMAGE!!
You scratch the orc priest. The orc misses you.
The orc priest mumbles some strange prayers to Beogh against you.
Pain shoots through your body!
You take 1 damage, and have 29/45 hp.
You closely miss the orc priest. The orc priest hits you. The orc hits you.
The orc priest hits you with a mace.
You take 11 damage, and have 18/45 hp.
MASSIVE DAMAGE!!
You barely miss the orc priest. The orc priest hits you.
The orc barely misses you. The orc priest hits you with a mace.
* * * LOW HITPOINT WARNING * * *
You take 6 damage, and have 12/45 hp.
You barely miss the orc priest. The orc priest hits you.
* * * LOW HITPOINT WARNING * * *
The orc barely misses you.
You take 2 damage, and have 10/45 hp.
You completely miss the orc priest.
The orc priest invokes the aid of Beogh against you.
Beogh smites you!
* * * LOW HITPOINT WARNING * * *
The orc priest hits you.
You die...

###... #....#
#....# #....+
#..?.# #.oo.#
#.ooo# #@#
#####.# #.....#
#.##### #.# #.#
#.# #.# #.# #.#
#######.####.##
.....#....##..#


You could see 2 orc priests and 3 orcs.

Vanquished Creatures
  3 adders
  4 gnolls (D:2)
  An ooze (D:1)
  4 worms
  2 dart slugs
  3 leopard geckos
  A giant cockroach (D:1)
  10 goblins
  4 jackals (D:2)
  A quokka (D:3)
  A ball python (D:2)
  5 bats
  A frilled lizard (D:1)
  5 kobolds
  6 rats
51 creatures vanquished.

Notes
Turn   | Place    | Note
-------+----------+-------------------------------------------
     0 | D:1      | drasked the Troll Monk began the quest for the Orb.
     0 | D:1      | Reached XP level 1. HP: 22/22 MP: 0/0
   222 | D:1      | Reached XP level 2. HP: 29/29 MP: 1/1
   629 | D:1      | Reached XP level 3. HP: 36/36 MP: 2/2
   742 | D:2      | Found an opulent altar of Gozag.
   803 | D:2      | Found a deep blue altar of Sif Muna.
  1149 | D:2      | Reached skill level 3 in Dodging
  1149 | D:2      | Reached XP level 4. HP: 38/44 MP: 3/3
  1154 | D:2      | Reached skill level 4 in Unarmed Combat
  1160 | D:2      | Reached skill level 3 in Fighting
  1615 | D:3      | Found a stormy altar of Qazlal.
  1673 | D:3      | HP: 10/45 [orc priest (3)]
  1674 | D:3      | HP: 2/45 [orc priest/divine providence (8)]
  1674 | D:3      | Slain by an orc priest

Vault maps used:
D:1:      lemuel_arrival_muddy
D:2:      led_sif_pool, nicolae_gozag_cash_rules_everything_around_me
D:3:      marbit_many_paths

Skill      XL: |  1  2  3  4 |
---------------+-------------+-----
Dodging        | 3 |  3.2
Unarmed Combat | 4 |  4.4
Fighting       | 3 |  3.1
Stealth        | |  1.0

Action                   |  1- 3 |  4- 6 || total
-------------------------+-------+-------++-------
Melee: Unarmed           |    88 |    56 ||   144
       Punch             |     1 |       ||     1
 Stab: Sleeping          |     6 |     1 ||     7
  Eat: Chunk             |    14 |     5 ||    19
Armor: Robe              |    17 |    11 ||    28
Dodge: Dodged            |    35 |    27 ||    62

Vault maps used:
D:1:      lemuel_arrival_muddy
D:2:      led_sif_pool, nicolae_gozag_cash_rules_everything_around_me
D:3:      marbit_many_paths

Table legend:
 A = Turns spent in this place as a percentage of turns spent in the entire game.
 B = Non-inter-level travel turns spent in this place as a percentage of non-inter-level travel turns spent in the entire game.
 C = Inter-level travel turns spent in this place as a percentage of turns spent in this place.
 D = Turns resting spent in this place as a percentage of non-inter-level travel turns spent in this place.
 E = Turns spent auto-exploring this place as a percentage of non-inter-level travel turns spent in this place.
 F = Non-inter-level travel turns spent in this place divided by the number of levels of this place that you've seen.
                   A       B       C       D       E      F
               +-------+-------+-------+-------+-------+----------------------
         Total | 100.0 | 100.0 |   0.3 |   1.6 |   8.9 | 257.3
       Dungeon | 100.0 | 100.0 |   0.3 |   1.6 |   8.9 | 257.3
               +-------+-------+-------+-------+-------+----------------------

Table legend:
 A = Kills in this place as a percentage of kills in entire the game.
 B = Kills by you in this place as a percentage of kills by you in the entire game.
 C = Kills by friends in this place as a percentage of kills by friends in the entire game.
 D = Other kills in this place as a percentage of other kills in the entire game.
 E = Experience gained in this place as a percentage of experience gained in the entire game.
 F = Experience gained in this place divided by the number of levels of this place that you have seen.
                   A       B       C       D       E      F
               +-------+-------+-------+-------+-------+----------------------
         Total | 100.0 | 100.0 |  -nan |  -nan | 100.0 |  64.0
       Dungeon | 100.0 | 100.0 |  -nan |  -nan | 100.0 |  64.0
               +-------+-------+-------+-------+-------+----------------------
